Map: Persephone LE

Players

Reynor - Winner!

  • Race: Zerg Zerg
  • League: Master
  • Spawn Location: 7:00

LiquidClem (Clem)

  • Race: Terran Terran
  • Spawn Location: 11:00

Event: FEL Cracov 2025

VOD

Have the link to the VOD?

Description

Time

  • Played on: July 27, 2025, 1:05 p.m.
  • Length: 10:14

All games in this series

Show
View Real Time Build Order
Export as new Build Order

Reynor Zerg - Winner!

Build Orders: Hatch First 

Get SALT Encoding   

  12  0:00  Drone  
  13  0:07  Drone  
  13  0:14  Extractor, Drone  
  15  0:34  Hatchery  
  14  0:38  Extractor  
  14  0:40  Drone  
  15  0:45  Overlord  
  15  1:02  Spawning Pool  
  15  1:04  Drone  
  15  1:06  Drone  
  17  1:11  Drone  
  17  1:15  Drone  
  19  1:25  Drone  
  19  1:36  Drone  
  20  1:50  Queen, Zergling x4  
  24  1:54  Spine Crawler  
  24  1:57  Zergling x2  
  24  2:03  Zergling x2  
  23  2:12  Zergling x4  
  22  2:21  Zergling x4  
  23  2:34  Drone x2  
  25  2:46  Drone  
  25  2:47  Drone  
  27  2:51  Drone  
  27  2:54  Drone  
  27  3:01  Overlord  
  27  3:10  Overlord  
  27  3:22  Drone x4  
  27  3:24  Drone  
  32  3:31  Queen  
  32  3:33  Drone  
  35  3:37  Drone  
  36  3:42  Drone  
  36  3:44  Drone  
  38  3:53  Drone  
  38  3:56  Drone  
  38  4:00  Hatchery  
  36  4:05  Zergling x2  
  36  4:06  Zergling x2  
  36  4:08  Queen  
  38  4:14  Drone  
  38  4:16  Extractor, Queen  
  40  4:20  Overlord  
  40  4:25  Drone  
  40  4:26  Extractor  
  40  4:28  Drone  
  41  4:34  Overlord  
  41  4:35  Drone x2  
  43  4:39  Drone x3  
  43  4:44  Queen  
  48  4:46  Drone  
  49  4:53  Zergling x4  
  51  5:01  Zergling x4  
  51  5:06  Overlord, Zergling x4  
  55  5:12  Metabolic Boost  
  55  5:17  Evolution Chamber  
  54  5:23  Drone x2  
  54  5:24  Drone  
  54  5:25  Drone  
  54  5:26  Drone x2  
  54  5:28  Drone  
  60  5:30  Baneling Nest  
  60  5:32  Zergling x4  
  60  5:34  Zergling x2  
  60  5:35  Zergling x2  
  64  5:37  Zergling x2  
  64  5:38  Zergling x2  
  66  5:44  Zergling x2  
  66  5:46  Overlord  
  66  5:48  Zergling x2  
  66  5:49  Queen  
  70  5:55  Zergling x8  
  74  6:00  Overlord x2  
  74  6:05  Zergling x2  
  74  6:06  Zergling x6  
  78  6:11  Zergling x2  
  78  6:14  Zergling x2  
  78  6:18  Zergling x2  
  81  6:20  Zergling x2  
  83  6:25  Zergling x2  
  83  6:26  Hatchery  
  83  6:27  Zergling x2  
  83  6:30  Zergling x6  
  86  6:33  Overlord  
  86  6:35  Zergling x8  
  86  6:38  Zergling x2  
  91  6:45  Baneling x7  
  91  6:46  Baneling x5  
  91  6:48  Zergling x4  
  91  6:50  Baneling x4  
  91  6:51  Baneling, Zergling x2  
  94  6:55  Zergling x2  
  94  6:57  Zergling x2  
  94  6:58  Zergling x6  
  99  7:01  Zergling x6  
  99  7:05  Baneling x5  
  102  7:11  Zergling x8  
  102  7:13  Overlord  
  105  7:19  Baneling x3  
  99  7:25  Zergling x8  
  102  7:31  Zergling x2  
  102  7:32  Zergling x4  
  102  7:33  Zergling x4  
  102  7:36  Zergling x2  
  102  7:41  Baneling x5  
  100  7:44  Zergling x4  
  100  7:47  Zergling x2  
  100  7:50  Zergling x2  
  88  7:54  Drone x3  
  85  7:59  Drone  
  85  8:03  Zergling x4  
  78  8:06  Drone  
  78  8:09  Drone  
  78  8:10  Drone  
  78  8:12  Drone  
  71  8:16  Drone  
  71  8:17  Lair  
  71  8:18  Drone  
  70  8:20  Roach Warren  
  70  8:23  Zergling x6  
  70  8:24  Zergling x14  
  79  8:32  Evolution Chamber, Drone  
  79  8:34  Drone x4  
  79  8:35  Zergling x2  
  79  8:39  Zergling x2  
  79  8:40  Zergling x2  
  86  8:41  Baneling  
  86  8:42  Baneling x3  
  86  8:46  Queen  
  86  8:47  Zergling x2  
  87  8:49  Zergling x6  
  87  8:52  Zergling x12  
  92  9:02  Zergling x12  
  78  9:11  Zergling x6  
  78  9:13  Queen  
  78  9:15  Zergling x8  
  86  9:18  Spine Crawler  
  86  9:23  Roach x4  
  90  9:26  Roach x2  
  90  9:30  Roach x2  
  89  9:37  Roach  
  89  9:38  Roach x2, Zergling x2  
  90  9:41  Roach  
  90  9:43  Drone x3  
  90  9:44  Zergling x2  
  90  9:45  Zergling x4  
  93  9:50  Zergling x8, Extractor  
  93  9:51  Zergling x6  
  99  9:54  Zergling x4  
Show
View Real Time Build Order
Export as new Build Order

LiquidClem Terran 

Build Orders:  

Get SALT Encoding   

  12  0:00  SCV  
  13  0:12  SCV  
  14  0:19  Supply Depot  
  14  0:24  SCV  
  15  0:41  Barracks  
  15  0:52  Barracks  
  15  0:54  SCV  
  16  1:06  SCV  
  17  1:11  Barracks  
  17  1:18  SCV  
  18  1:27  Marine  
  18  1:30  Orbital Command  
  19  1:38  Marine  
  20  1:40  Supply Depot  
  20  1:45  Marine  
  21  1:51  Bunker  
  21  1:56  Marine  
  21  1:59  Marine  
  23  2:04  Marine  
  23  2:11  SCV  
  23  2:14  Marine  
  24  2:17  Marine  
  24  2:22  Marine  
  24  2:23  SCV  
  24  2:31  Supply Depot  
  24  2:33  Marine  
  24  2:35  Marine  
  24  2:36  SCV  
  26  2:40  Refinery  
  25  2:48  SCV  
  21  3:00  SCV  
  21  3:04  Command Center, Supply Depot  
  22  3:14  SCV  
  22  3:15  Marine  
  22  3:16  Marine x2  
  26  3:24  Refinery  
  26  3:26  SCV  
  26  3:34  Marine  
  26  3:36  Marine  
  26  3:38  SCV  
  28  3:49  Factory  
  28  3:50  SCV  
  28  3:55  Marine  
  29  4:02  Marine, SCV  
  31  4:14  SCV  
  32  4:19  Marine  
  33  4:27  SCV  
  33  4:33  Factory Reactor  
  33  4:34  Orbital Command  
  33  4:35  Factory  
  33  4:39  SCV  
  33  4:42  Marine x2  
  36  4:51  SCV  
  37  4:56  Factory  
  37  5:02  SCV  
  37  5:03  SCV  
  39  5:11  Hellion x2  
  39  5:14  SCV  
  44  5:15  SCV  
  45  5:24  Factory Tech Lab  
  45  5:26  SCV  
  45  5:27  SCV  
  47  5:36  Supply Depot, Hellion x2  
  47  5:38  SCV  
  47  5:39  SCV  
  47  5:41  Factory Tech Lab  
  53  5:43  Cyclone  
  53  5:47  Mag-Field Accelerator  
  56  5:50  SCV  
  56  5:51  SCV  
  58  5:59  Supply Depot, Hellion  
  58  6:00  Hellion  
  58  6:01  Cyclone  
  58  6:02  SCV  
  58  6:03  SCV  
  58  6:04  Infernal Pre-Igniter  
  67  6:10  Supply Depot  
  67  6:14  SCV  
  67  6:15  SCV  
  69  6:26  Cyclone, SCV  
  69  6:27  Command Center  
  69  6:28  SCV  
  69  6:31  Hellion  
  76  6:33  Supply Depot  
  76  6:37  Refinery  
  76  6:39  Refinery, Cyclone  
  79  6:44  SCV x2  
  81  6:47  Supply Depot  
  81  6:48  Hellion  
  81  6:53  Hellion  
  85  6:56  SCV x2  
  85  6:59  Supply Depot  
  87  7:04  Cyclone  
  88  7:08  SCV  
  88  7:11  Hellion  
  88  7:12  Cyclone  
  93  7:17  Hellion  
  84  7:23  SCV  
  84  7:25  SCV  
  86  7:36  Cyclone  
  75  7:43  Hellion  
  76  7:44  Cyclone  
  75  7:53  Hellion  
  75  7:54  SCV  
  75  7:56  SCV  
  65  8:06  Hellion  
  65  8:11  SCV  
  65  8:12  SCV  
  51  8:17  SCV  
  49  8:25  SCV  
  49  8:27  SCV  
  51  8:30  SCV  
  52  8:34  Hellion  
  52  8:38  Hellion  
  56  8:42  Hellion  
  56  8:47  SCV  
  56  8:48  SCV x2  
  61  8:59  Hellion  
  61  9:00  SCV x2  
  65  9:07  Hellion  
  57  9:15  Hellion x2  
  57  9:16  SCV  
  57  9:17  SCV  
  62  9:21  SCV  
  63  9:25  Hellion  
  63  9:28  Hellion, SCV  
  63  9:30  SCV  
  66  9:36  Hellion  
  64  9:39  Cyclone  
  64  9:41  SCV  
  53  9:46  SCV, Hellion  
  53  9:49  Hellion  
  59  9:52  SCV  
  59  9:58  Factory Tech Lab  
  60  10:00  SCV x2  
  60  10:04  Barracks, Supply Depot  
Tags
 
Add a new tag
Caveats
  • Supply blocks, unpowered buildings, or Contaminate may cause inaccurate times.
  • Supply counts are checked every 10 seconds.